 Dungeon Crawl Stone Soup version 0.23.2-11-gf996548c65 (webtiles) character file.

Game seed: 1912175655717185075

9062 Aldia the Covert (level 11, -28/54 HPs)
             Began as a Spriggan Enchanter on June 3, 2019.
             Was an Initiate of Gozag.
             Killed from afar by a deep elf knight (45 damage)
             ... with a shard of ice
             ... on level 11 of the Dungeon.
             The game lasted 00:39:52 (12473 turns).

Aldia the Covert (Spriggan Enchanter)              Turns: 12473, Time: 00:39:53

Health: -28/54     AC:  4    Str:  4    XL:     11   Next: 18%
Magic:  0/22       EV: 29    Int: 20    God:    Gozag
Gold:   1448       SH:  0    Dex: 19    Spells: 14/24 levels left

rFire    . . .     SeeInvis +   a - +2 dagger (pierce)
rCold    . . .     Gourm    .   (shield restricted)
rNeg     . . .     Faith    .   H - +2 robe {MR+}
rPois    .         Spirit   +   (helmet restricted)
rElec    .         Reflect  .   x - scarf {Spirit}
rCorr    .         Harm     .   (gloves unavailable)
MR       ++...                  (boots unavailable)
Stlth    ++++++....             (no amulet)
HPRegen  0.18/turn              l - ring of flight
MPRegen  0.18/turn              C - +2 ring of dexterity

@: confusing touch, gold aura, very quick
A: very small, unfitting armour, see invisible, herbivore, speed 3, slow
metabolism 2
a: Potion Petition, Call Merchant, Bribe Branch, Renounce Religion, Evoke Flight


You were on level 11 of the Dungeon.
You worshipped Gozag.
Gozag was most pleased with you.
You were very hungry.

You visited 2 branches of the dungeon, and saw 12 of its levels.
You also visited: Ossuary.

You collected 1650 gold pieces.
You spent 60 gold pieces at shops.
You paid 142 gold pieces to Gozag.

Inventory:

Hand Weapons
 a - a +2 dagger of piercing (weapon)
Armour
 x - a scarf of spirit shield (worn)
 H - a +2 robe of magic resistance (worn)
Jewellery
 l - a ring of flight (left hand)
 C - a +2 ring of dexterity (right hand)
 G - an uncursed ring of positive energy
Wands
 b - a wand of enslavement (9)
 j - a wand of paralysis (8)
 n - a wand of polymorph (32)
 r - a wand of random effects (17)
 y - a wand of acid (7)
 E - a wand of iceblast (7)
Scrolls
 c - 5 scrolls of remove curse
 g - 5 scrolls of teleportation
 h - 2 scrolls of immolation
 i - a scroll of identify
 p - 2 scrolls of enchant weapon
 v - 2 scrolls of brand weapon
Potions
 e - 2 potions of resistance
 f - a potion of might
 k - a potion of mutation
 m - 2 potions of magic
 o - 6 potions of curing
 q - a potion of cancellation
 s - 3 potions of lignification
 t - a potion of brilliance
 u - 2 potions of haste
 w - a potion of berserk rage
 z - 3 potions of heal wounds
 B - 2 potions of flight
 F - a potion of agility
Comestibles
 d - 12 rations


   Skills:
 + Level 4.5 Fighting
 - Level 8.1 Short Blades
 * Level 11.5 Dodging
 + Level 13.3 Stealth
 - Level 7.0 Spellcasting
 + Level 9.5 Hexes
 - Level 1.0 Ice Magic


You had 14 spell levels left.
You knew the following spells:

 Your Spells              Type           Power        Failure   Level  Hunger
a - Ensorcelled Hibernat  Hex/Ice        ####..       1%          2    None
b - Confusing Touch       Hex            #####.       1%          1    None
c - Confuse               Hex            #####...     1%          3    #......
d - Tukima's Dance        Hex            #####...     1%          3    #......
f - Apportation           Tloc           #.....       10%         1    None

Your spell library contained the following spells:

 Spells                   Type           Power        Failure   Level  Hunger
 Corona                   Hex            #####..      1%          1    None
 Dazzling Spray           Conj/Hex       ####..       4%          3    #......
 Animate Skeleton         Necr           N/A          10%         1    None
 Summon Small Mammal      Summ           #...         10%         1    None


Dungeon Overview and Level Annotations

Branches:
Dungeon (11/15)            Temple (1/1) D:5
   Lair: D:8-11         Orc: D:9-12

Altars:
Ashenzari
Cheibriados
Dithmenos
Elyvilon
Fedhas
Gozag
Hepliaklqana
Kikubaaqudgha
Makhleb
Nemelex Xobeh
Okawaru
Qazlal
Ru
Sif Muna
Trog
Uskayaw
Vehumet
Wu Jian
Xom
Yredelemnul
Zin
The Shining One

Shops:
D:7 !


Innate Abilities, Weirdness & Mutations

You are very small and have problems with some larger weapons.
You are too small for most types of armour.
You have supernaturally acute eyesight. (SInv)
You are a herbivore.
You cover ground extremely quickly.
You need to consume almost no food.


Message History

The deep elf knight hits you with a +0 scimitar!!
Casting: Ensorcelled Hibernation (safe; 1% risk of failure)
Confirm with . or Enter, or press ? or * to list all spells.
You don't know that spell.
Unknown command.
The deep elf knight points at you and mumbles some strange words.
The shard of ice misses you.
Casting: Ensorcelled Hibernation (safe; 1% risk of failure)
Confirm with . or Enter, or press ? or * to list all spells.
Your hands begin to glow red.
The deep elf knight unwields a +0 scimitar.
The deep elf knight wields a +0 shortbow.
The deep elf knight shoots an arrow.
The arrow hits you!!
You barely miss the deep elf knight.
The deep elf knight is lightly wounded.
The deep elf knight casts a spell at you.
The shard of ice hits you!!!
Ouch! That really hurt!
You die...
Your body crumbles into a pile of gold.

###############
#e...........<#
#.............#
..####.####..#
#..e....#..#
#..@....#..#
#..(.)..#..#
#...)...#..#
#..?$)..#..#
#.......#..#
#.......#
..####.####
#... ... #>..
.....


You could see a deep elf knight.

Vanquished Creatures
  A hydra (D:11)
  A two-headed ogre (D:8)
  An unseen horror (D:10)
  A centaur skeleton (D:10)
  Psyche (D:8)
  A troll (D:10)
  A hornet (D:8)
  4 hippogriffs
  2 wyverns
  A hungry ghost (D:9)
  A steam dragon (D:8)
  A hog (shapeshifter) (D:11)
  2 water moccasins
  2 orc warriors
  A black bear (D:10)
  3 ice beasts
  7 ogres
  3 centaurs
  An elf zombie (Ossuary)
  8 big kobolds
  2 bullfrogs
  2 wyvern zombies (D:7)
  2 scorpions
  10 killer bees (D:10)
  8 wights
  2 centaur zombies
  3 human zombies (Ossuary)
  3 bullfrog zombies
  A crimson imp (D:6)
  5 jellies
  5 hounds
  3 orc priests
  2 orc wizards
  Jessica (D:2)
  7 iguanas
  6 worker ants
  A hound zombie (D:8)
  A hound skeleton (D:5)
  2 mummies (Ossuary)
  2 worker ant zombies (D:6)
  A howler monkey skeleton (D:7)
  3 gnolls (D:5)
  6 adders
  2 shadow imps
  10 oozes
  3 adder skeletons
  3 adder zombies (Ossuary)
  A worm (D:2)
  5 dart slugs
  5 leopard geckos
  21 orcs
  4 giant cockroaches
  8 goblins
  9 hobgoblins
  8 jackals
  55 kobolds
  2 ball pythons
  7 bats
  4 frilled lizards
  8 hobgoblin zombies (Ossuary)
  A jackal skeleton (D:4)
  A jackal zombie (Ossuary)
  9 kobold zombies (Ossuary)
  10 orc zombies (Ossuary)
  8 rats
  A rat zombie (Ossuary)
306 creatures vanquished.

Vanquished Creatures (collateral kills)
  An orc warrior (D:8)
  4 wights
  An orc (D:8)
6 creatures vanquished.

Vanquished Creatures (others)
  3 dancing weapons
3 creatures vanquished.

Grand Total: 315 creatures vanquished

Notes
Turn   | Place    | Note
-------+----------+-------------------------------------------
     0 | D:1      | Aldia the Spriggan Enchanter began the quest for the Orb.
     0 | D:1      | Reached XP level 1. HP: 9/9 MP: 5/5
   240 | D:1      | Reached XP level 2. HP: 5/13 MP: 4/6
   293 | D:1      | Learned a level 2 spell: Ensorcelled Hibernation
   603 | D:1      | Reached skill level 5 in Stealth
  1022 | D:2      | Reached XP level 3. HP: 10/16 MP: 6/8
  1872 | D:2      | Reached XP level 4. HP: 21/21 MP: 9/9
  1878 | D:2      | Reached skill level 6 in Stealth
  1878 | D:2      | Reached skill level 1 in Ice Magic
  2279 | D:2      | Noticed Jessica
  2285 | D:2      | Killed Jessica
  2285 | D:2      | Reached XP level 5. HP: 24/24 MP: 4/10
  2630 | D:3      | You fall through a shaft!
  2654 | D:4      | Noticed an ogre
  2658 | D:4      | Killed an ogre
  2658 | D:4      | Reached skill level 7 in Stealth
  2671 | D:3      | Reached XP level 6. HP: 28/28 MP: 6/11
  3089 | D:4      | Reached skill level 8 in Stealth
  3099 | D:4      | Found a shimmering altar of Xom.
  3556 | D:4      | Reached skill level 5 in Short Blades
  3750 | D:5      | Entered Level 5 of the Dungeon
  3778 | D:5      | Found a staircase to the Ecumenical Temple.
  3783 | Temple   | Entered the Ecumenical Temple
  3982 | D:5      | Learned a level 1 spell: Confusing Touch
  3986 | D:5      | Learned a level 3 spell: Confuse
  3990 | D:5      | Learned a level 3 spell: Tukima's Dance
  3992 | D:5      | Learned a level 1 spell: Animate Skeleton
  3994 | D:5      | Learned a level 1 spell: Apportation
  4163 | D:5      | Reached skill level 5 in Hexes
  4163 | D:5      | Reached XP level 7. HP: 32/32 MP: 3/14
  5997 | D:5      | Reached XP level 8. HP: 17/37 MP: 7/15
  6375 | D:5      | Reached skill level 1 in Fighting
  6739 | D:6      | Found a basalt altar of Yredelemnul.
  7096 | D:6      | Reached skill level 5 in Dodging
  7946 | D:7      | Found Pedel's Distillery.
  7958 | D:7      | Bought a potion of heal wounds for 60 gold pieces
  8057 | D:7      | Found an opulent altar of Gozag.
  8082 | D:7      | Became a worshipper of Gozag Ym Sagoz the Greedy
  8481 | D:7      | Noticed a hippogriff
  8503 | D:7      | Reached XP level 9. HP: 44/44 MP: 1/16
  8511 | D:7      | Reached skill level 9 in Stealth
  8786 | D:8      | Found a flagged portal.
  8796 | D:8      | Reached skill level 10 in Stealth
  8830 | D:8      | Found a sand-covered staircase.
  8845 | Ossuary  | Entered an ossuary
  9832 | D:8      | Reached skill level 11 in Stealth
  9996 | D:8      | Noticed Psyche
 10002 | D:8      | Killed Psyche
 10018 | D:8      | Reached skill level 12 in Stealth
 10258 | D:8      | Reached skill level 5 in Spellcasting
 10261 | D:8      | Noticed a two-headed ogre
 10289 | D:8      | Killed a two-headed ogre
 10289 | D:8      | Reached XP level 10. HP: 49/49 MP: 13/21
 10709 | D:9      | Found a sacrificial altar of Ru.
 10873 | D:9      | Found a shadowy altar of Dithmenos.
 10910 | D:9      | Noticed a red ugly thing
 10919 | D:9      | Noticed a cyclops
 11331 | D:9      | Found a stormy altar of Qazlal.
 11464 | D:10     | Entered Level 10 of the Dungeon
 11710 | D:10     | Reached skill level 10 in Dodging
 12281 | D:10     | Noticed an unseen horror
 12285 | D:10     | Reached skill level 13 in Stealth
 12289 | D:10     | Killed an unseen horror
 12289 | D:10     | Reached XP level 11. HP: 53/53 MP: 22/22
 12419 | D:11     | Noticed a seven-headed hydra
 12424 | D:11     | Noticed a deep elf knight
 12435 | D:11     | Killed a seven-headed hydra
 12473 | D:11     | Killed from afar by a deep elf knight

Skill      XL: |  1  2  3  4  5  6  7  8  9 10 |
---------------+-------------------------------+-----
Stealth        | 5 6 7 8 12 13 | 13.3
Spellcasting   | 3 4 6 7 |  7.0
Short Blades   | 2 3 4 5 8 |  8.1
Ice Magic      | 1 |  1.0
Hexes          | 5 8 9 |  9.5
Fighting       | 3 4 |  4.5
Dodging        | 7 8 11 | 11.5

Action                   |  1- 3 |  4- 6 |  7- 9 | 10-12 || total
-------------------------+-------+-------+-------+-------++-------
Melee: Dagger            |   171 |   113 |   743 |   122 ||  1149
 Cast: Corona            |     2 |       |       |       ||     2
       Ensorcelled Hiber |    18 |    26 |    68 |    40 ||   152
       Confuse           |       |       |    20 |       ||    20
       Tukima's Dance    |       |       |     9 |     4 ||    13
       Confusing Touch   |       |       |     7 |     9 ||    16
Evoke: Wand              |       |       |     1 |       ||     1
  Use: Scroll            |     3 |    14 |     5 |     8 ||    30
       Potion            |       |       |     1 |       ||     1
 Stab: Sleeping          |    17 |    30 |    70 |    36 ||   153
       Confused          |       |       |    20 |     8 ||    28
       Distracted        |       |       |     5 |     1 ||     6
  Eat: Ration            |       |     1 |     6 |     1 ||     8
Armor: Robe              |    29 |     8 |    31 |     5 ||    73
Dodge: Dodged            |   167 |    61 |   540 |    77 ||   845
